 Dungeon Crawl Stone Soup version 0.26.0-10-g1f06aea511 (webtiles) character file.

Game seed: 17945300344997892249

2192 Dracia the Covert (level 9, 0/42 HPs)
             Began as a Vine Stalker Brigand on Jan 27, 2021.
             Was an Initiate of Dithmenos.
             Killed by divine providence
             ... invoked by an orc priest
              (11 damage)
             ... on level 7 of the Dungeon.
             The game lasted 00:16:41 (5848 turns).

Dracia the Covert (Vine Stalker Brigand)            Turns: 5848, Time: 00:16:41

Health: 0/42       AC: 10    Str: 14    XL:     9   Next: 33%
Magic:  0/10       EV: 11    Int: 13    God:    Dithmenos [......]
Gold:   247        SH:  0    Dex: 17    Spells: 8/8 levels left

rFire    . . .     SeeInvis .   a - +3 dagger
rCold    . . .     Faith    +   (no shield)
rNeg     . . .     Spirit   +   y - +2 leather armour {rPois}
rPois    +         Reflect  .   t - +0 helmet
rElec    .         Harm     .   c - +1 cloak
rCorr    .         Rampage  .   q - +0 pair of gloves
Will     ++...                  h - +0 pair of boots
Stlth    ++++......             T - amulet of faith {!P!P}
HPRegen  0.54/turn              r - ring of willpower
MPRegen  0.12/turn              (no ring)

@: no status effects
A: fangs 3, regeneration 1, magic shield, antimagic bite, no potion heal 3
a: Renounce Religion


You were on level 7 of the Dungeon.
You worshipped Dithmenos.
Dithmenos was noncommittal.
You visited 2 branches of the dungeon, and saw 8 of its levels.
You also visited: Ossuary.

You collected 247 gold pieces.


Innate Abilities, Weirdness & Mutations

You have razor-sharp teeth.
Your natural rate of healing is unusually fast.
When hurt, damage is shared between your health and your magic reserves.
Your bite disrupts and absorbs the magic of your enemies.
Potions cannot restore your health.


   Skills:
 - Level 1.7 Fighting
 * Level 9.3 Short Blades
 - Level 1.7 Throwing
 - Level 0.7 Dodging
 + Level 10.2 Stealth


You had 8 spell levels left.
You didn't know any spells.
Your spell library was empty.

Inventory:

Hand Weapons
 a - a +3 dagger (weapon)
 i - a +0 dagger of protection
Missiles
 e - 2 curare-tipped darts {=f=f}
 j - 23 poisoned darts (quivered)
Armour
 b - a +0 robe
 c - a +1 cloak (worn)
 d - a +0 ring mail
 h - a +0 pair of boots (worn)
 l - a +0 pair of gloves
 q - a +0 pair of gloves (worn)
 t - a +0 helmet (worn)
 y - a +2 leather armour of poison resistance (worn)
Jewellery
 r - a ring of willpower (left hand)
 A - an uncursed amulet of the acrobat
 T - an amulet of faith (around neck) {!P!P}
Wands
 v - a wand of flame (8)
 w - a wand of paralysis (7)
Scrolls
 g - 3 scrolls of identify {@r1@r1}
 n - a scroll of enchant armour
 o - 8 scrolls of remove curse {@r2@r2}
 u - 2 scrolls of teleportation {@r4@r4}
 x - a scroll of random uselessness
Potions
 f - 8 potions of curing {@q1@q1}
 k - 4 potions of flight
 m - 6 potions of degeneration
 p - 2 potions of mutation
 s - a potion of brilliance
 z - a potion of heal wounds {@q2@q2}
 B - a potion of ambrosia
 C - 2 potions of lignification
 D - a potion of berserk rage {unknown}

Dungeon Overview and Level Annotations

Branches:
Dungeon (7/15)             Temple (1/1) D:6         Ossuary (visited)

Altars:
Ashenzari
Cheibriados
Dithmenos
Elyvilon
Hepliaklqana
Makhleb
Okawaru
Ru
Sif Muna
Trog
Uskayaw
Vehumet
Wu Jian
Xom
Yredelemnul
Zin
The Shining One

Shops:
D:4 (   D:5 =?   D:6 !

Annotations:
D:5 2 transporters

#########
#.......#
######.#####.#
#.####......#
#.#
#.ooo@.###..#
#.# ######.#
#..# #.# #.#
#.## #.####
#.. ..# #.....
##..### ######
..# ..# ...


You could see an orc warrior, an orc priest and an orc.


Message History

The orc warrior is moderately wounded.
The orc warrior hits you with a +0 long sword!!
You hit the orc warrior but do no damage.
The orc warrior is moderately wounded.
You barely miss the orc warrior.
The orc warrior is moderately wounded.
You hit the orc warrior but do no damage.
You bite the orc warrior. You drain its power.
You feel invigorated.
The orc warrior is heavily wounded.
The orc warrior hits you with a +0 long sword.
* * * LOW HITPOINT WARNING * * *
Unknown command.
You hit the orc warrior. Your bite misses the orc warrior.
The orc warrior is heavily wounded.
You hit the orc warrior but do no damage.
The orc warrior is heavily wounded.
The orc warrior hits you with a +0 long sword!
* * * LOW HITPOINT WARNING * * *
You hit the orc warrior but do no damage.
Your bite misses the orc warrior.
The orc warrior is heavily wounded.
You barely miss the orc warrior.
The orc warrior is heavily wounded.
The orc warrior hits you with a +0 long sword.
* * * LOW HITPOINT WARNING * * *
You completely miss the orc warrior. Your bite misses the orc warrior.
The orc warrior is heavily wounded.
The orc priest mumbles some strange prayers to Beogh against you.
Beogh smites you!
You die...

Skill      XL: |  1  2  3  4  5  6  7  8  9 |
---------------+----------------------------+-----
Short Blades   | 2 3 4 5 6 8 9 |  9.3
Stealth        | 5 6 7 8 9 10 | 10.2
Fighting       | |  1.7
Throwing       | |  1.7
Dodging        | |  0.7

Action                   |  1- 3 |  4- 6 |  7- 9 || total
-------------------------+-------+-------+-------++-------
Melee: Dagger            |    65 |   169 |   538 ||   772
       Bite              |    12 |    44 |   189 ||   245
Throw: Dart              |    23 |    25 |    66 ||   114
  Use: Scroll            |     5 |       |    14 ||    19
       Potion            |       |     1 |       ||     1
 Stab: Sleeping          |     6 |     5 |    18 ||    29
Armor: Robe              |    14 |       |       ||    14
       Ring mail         |     3 |    55 |   168 ||   226
       Leather armour    |       |       |    10 ||    10
Dodge: Dodged            |    35 |    75 |   241 ||   351

Levels and vault maps discovered:
D:1:      minmay_arrival_shattered_statue, layout_rooms
D:2:      layout_basic, uniq_natasha, uniq_jessica, uniq_sigmund
D:3:      corexii_shack_village, layout_rooms,
          grunt_temple_overflow_order_and_chaos_2, nzn_wu_jian_contemplation,
          nicolae_overflow_hidden_temple, chequers_ecumenical_altar_island
D:4:      layout_basic, kennysheep_mini, serial_shops, shop, dk_vineyard_3,
          lemuel_flame_loot_1
D:5:      gammafunk_wand_slinger, layout_rooms, ashenzari_altar_1, serial_shops,
          nicolae_shop_statue_plus, shop, enter_ossuary_1, goddamned_bats,
          uniq_menkaure
D:6:      layout_rooms, minmay_temple_entry_poolview, serial_shops, shop
D:7:      layout_loops_ring, serial_shops, shop, skrybe_limestone_x,
          st_stairs_14
Temple:   jpeg_temple_island

Notes
Turn   | Place    | Note
-------+----------+-------------------------------------------
     0 | D:1      | Dracia the Vine Stalker Brigand began the quest for the
                  | Orb.
     0 | D:1      | Reached XP level 1. HP: 11/11 MP: 2/2
    27 | D:1      | Reached skill level 2 in Short Blades
    35 | D:1      | Reached skill level 5 in Stealth
   125 | D:1      | Reached XP level 2. HP: 7/15 MP: 3/3
   741 | D:1      | Reached XP level 3. HP: 18/18 MP: 4/4
  1326 | D:2      | Reached skill level 3 in Short Blades
  1334 | D:2      | Noticed Jessica
  1347 | D:2      | Killed Jessica
  1348 | D:2      | Gained mutation: Your natural rate of healing is unusually
                  | fast. [Vine Stalker growth]
  1348 | D:2      | Reached XP level 4. HP: 11/23 MP: 2/5
  1682 | D:2      | Reached XP level 5. HP: 17/26 MP: 3/6
  1684 | D:2      | Reached skill level 4 in Short Blades
  1684 | D:2      | Reached skill level 6 in Stealth
  1813 | D:2      | Noticed Sigmund
  1818 | D:2      | Killed Sigmund
  1819 | D:2      | Reached XP level 6. HP: 30/30 MP: 7/7
  1845 | D:2      | Noticed Natasha
  1854 | D:2      | Killed Natasha
  1855 | D:2      | Reached skill level 5 in Short Blades
  1982 | D:3      | Found a glowing silver altar of Zin.
  1982 | D:3      | Found a burning altar of Makhleb.
  1983 | D:3      | Noticed a blizzard demon
  1983 | D:3      | Noticed an angel
  2142 | D:3      | Reached skill level 7 in Stealth
  2340 | D:3      | Reached XP level 7. HP: 34/34 MP: 8/8
  2569 | D:3      | Found a shimmering blue altar of Sif Muna.
  2569 | D:3      | Found a snail-covered altar of Cheibriados.
  2571 | D:3      | Found a radiant altar of Vehumet.
  2593 | D:3      | Found an ornate altar of the Wu Jian Council.
  2710 | D:3      | Found a faded altar of an unknown god.
  2922 | D:4      | Reached skill level 6 in Short Blades
  3251 | D:4      | Found Enlean's Weapon Boutique.
  3277 | D:4      | Found a bloodstained altar of Trog.
  3459 | D:4      | HP: 3/34 [iguana (4)]
  3721 | D:4      | Reached skill level 8 in Stealth
  3842 | D:5      | Entered Level 5 of the Dungeon
  3842 | D:5      | Found Puddial's Jewellery Boutique.
  3904 | D:5      | Gained mutation: You have razor-sharp teeth. [Vine Stalker
                  | growth]
  3904 | D:5      | Reached XP level 8. HP: 38/38 MP: 9/9
  3926 | D:5      | Found a transporter.
  3936 | D:5      | Noticed a kobold demonologist
  3993 | D:5      | Found Ipofaic's Magic Scroll Shoppe.
  4051 | D:5      | Found a transporter.
  4087 | D:5      | Reached skill level 7 in Short Blades
  4105 | D:5      | Found a broken altar of Ashenzari.
  4199 | D:5      | Found a sand-covered staircase.
  4253 | Ossuary  | Entered an ossuary
  4539 | D:5      | Noticed Menkaure
  4554 | D:5      | Killed Menkaure
  4555 | D:5      | Reached skill level 9 in Stealth
  4634 | D:5      | Reached skill level 8 in Short Blades
  4922 | D:6      | Reached XP level 9. HP: 16/42 MP: 10/10
  5130 | D:6      | Reached skill level 9 in Short Blades
  5130 | D:6      | Reached skill level 10 in Stealth
  5162 | D:6      | Found a staircase to the Ecumenical Temple.
  5207 | D:6      | Found Dalane Kygog's Distillery.
  5237 | Temple   | Entered the Ecumenical Temple
  5297 | Temple   | Became a worshipper of Dithmenos the Shadowed
  5848 | D:7      | Killed from afar by an orc priest

Vanquished Creatures
  Sigmund (D:2)
  Menkaure (D:5)
  An orc warrior (D:6)
  2 ogres (D:6)
  2 centaurs
  2 bullfrogs
  A water moccasin skeleton (D:5)
  2 scorpions
  A vampire bat (D:5)
  2 howler monkeys
  A human zombie (Ossuary)
  3 centaur zombies (Ossuary)
  2 hounds (D:5)
  An orc priest (D:6)
  A bullfrog skeleton (D:6)
  An orc wizard (D:4)
  A centaur skeleton (D:6)
  2 iguanas
  Jessica (D:2)
  Natasha (D:2)
  4 worker ants
  5 mummies (Ossuary)
  A worker ant zombie (D:6)
  8 gnolls
  12 adders
  3 white imps
  An adder zombie (D:5)
  An adder skeleton (D:4)
  4 worms
  A dart slug (D:3)
  3 fire bats (D:5)
  9 leopard geckos
  25 orcs
  2 spectral bats (D:5)
  21 bats
  3 bat skeletons (D:5)
  A bat zombie (D:5)
  5 giant cockroaches
  16 goblins
  13 hobgoblins
  24 jackals
  A bat simulacrum (D:5)
  2 frilled lizards (D:1)
  A goblin zombie (Ossuary)
  2 hobgoblin zombies (Ossuary)
  12 kobolds
  A kobold zombie (Ossuary)
  A leopard gecko zombie (D:5)
  A quokka skeleton (D:5)
  9 rats
221 creatures vanquished.

Vanquished Creatures (others)
  An orc wizard (D:4)
  4 plants (D:3)
5 creatures vanquished.

Grand Total: 226 creatures vanquished

Table legend: (Time is in decaauts)
 A = Elapsed time spent in this place.
 B = Non-inter-level travel time spent in this place.
 C = Inter-level travel time spent in this place.
 D = Time resting spent in this place.
 E = Time spent auto-exploring this place.
 F = Levels seen in this place.
 G = Mean time per level.
                   A        B        C        D        E       F      G
               +--------+--------+--------+--------+--------+-----+--------+
         Total |   5604 |   5268 |    336 |    242 |   3595 |   9 |  622.7 |
       Dungeon |   5307 |   4987 |    320 |    242 |   3422 |   7 |  758.1 |
        Temple |     76 |     61 |     15 |      0 |     47 |   1 |   76.0 |
       Ossuary |    220 |    220 |      0 |      0 |    126 |   1 |  220.0 |
               +--------+--------+--------+--------+--------+-----+--------+

Top non-repeatable levels by time:
     D:1: 1262 daAuts
     D:4: 1028 daAuts
     D:3: 845 daAuts
     D:5: 709 daAuts
     D:2: 675 daAuts
     D:6: 641 daAuts
 Ossuary: 220 daAuts
     D:7: 144 daAuts
  Temple: 76 daAuts

Table legend:
 A = Non-vault XP
 B = Vault XP
 C = Vault XP percentage of total XP
 D = Non-vault monster count
 E = Vault monster count
 F = Vault count percentage of total count
                 A         B        C        D         E       F
            +---------+---------+-------+---------+---------+-------
      Total |    2171 |     961 |  30.7 |     172 |      50 |  22.5
            +---------+---------+-------+---------+---------+-------
        D:1 |      44 |       0 |   0.0 |      25 |       0 |   0.0
        D:2 |     119 |     310 |  72.3 |      27 |       3 |  10.0
        D:3 |     224 |      25 |  10.0 |      43 |      13 |  23.2
        D:4 |     413 |       0 |   0.0 |      20 |       0 |   0.0
        D:5 |     392 |     349 |  47.1 |      31 |      21 |  40.4
        D:6 |     738 |       0 |   0.0 |      17 |       0 |   0.0
        D:7 |     241 |       0 |   0.0 |       9 |       0 |   0.0
    Ossuary |       0 |     277 | 100.0 |       0 |      13 | 100.0
            +---------+---------+-------+---------+---------+-------
